 Dungeon Crawl Stone Soup version 0.26.0-8-g74fc34ddfb (webtiles) character file.

Game seed: 96928140196243420

50 Destapler the Magician (level 3, -3/19 HPs)
             Began as a Deep Elf Hedge Wizard on Jan 12, 2021.
             Slain by Terence
             ... wielding a +0 flail
              (9 damage)
             ... on level 2 of the Dungeon.
             The game lasted 00:08:04 (2579 turns).

Destapler the Magician (Deep Elf Hedge Wizard)      Turns: 2579, Time: 00:08:05

Health: -3/19      AC:  4    Str:  7    XL:     3   Next: 55%
Magic:  6/11       EV: 13    Int: 19    God:
Gold:   150        SH:  0    Dex: 14    Spells: 6/11 levels left

rFire    . . .     SeeInvis .   a - +0 dagger
rCold    . . .     Faith    .   (no shield)
rNeg     . . .     Spirit   .   b - +0 robe
rPois    .         Reflect  .   c - +1 hat
rElec    .         Harm     .   (no cloak)
rCorr    .         Rampage  .   g - +0 pair of gloves
Will     .....                  (no boots)
Stlth    ++........             (no amulet)
HPRegen  0.06/turn              (no ring)
MPRegen  0.12/turn              (no ring)

@: no status effects
A: no striking features
a: no special abilities


You were on level 2 of the Dungeon.
You visited 1 branch of the dungeon, and saw 2 of its levels.

You collected 150 gold pieces.

Inventory:

Hand Weapons
 a - a +0 dagger (weapon)
Armour
 b - a +0 robe (worn)
 c - a +1 hat (worn)
 g - a +0 pair of gloves (worn)
Scrolls
 d - a scroll of teleportation {unknown}
 f - a scroll of torment {unknown}
 h - 3 scrolls of identify {unknown}
 i - 2 scrolls of remove curse {unknown}
Potions
 e - a potion of brilliance {unknown}
 j - a potion of flight {unknown}


   Skills:
 + Level 3.0 Dodging
 + Level 3.2 Stealth
 + Level 4.8 Spellcasting
 + Level 1.9 Conjurations
 - Level 1.1 Summonings
 + Level 1.9 Translocations


You had 6 spell levels left.
You knew the following spells:

 Your Spells              Type           Power        Failure   Level
a - Magic Dart            Conj           48%          5%          1
b - Blink                 Tloc           N/A          9%          2
c - Call Imp              Summ           8%           12%         2

Your spell library contained the following spells:

 Spells                   Type           Power        Failure   Level
 Slow                     Hex            4%           19%         2
 Conjure Flame            Conj/Fire      8%           26%         3
 Mephitic Cloud           Conj/Pois/Air  7%           28%         3


Dungeon Overview and Level Annotations

Branches:
Dungeon (2/15)

Altars:
Okawaru

Annotations:
D:2 Sigmund, Terence


Message History

Casting: Magic Dart (safe; 5% risk of failure)
Confirm with . or Enter, or press ? or * to list all spells.
You don't have enough magic to cast that spell.
Terence screams, "I want your blood!"
Terence bares his teeth.
Your magical contamination has completely faded away.
Terence is nearby!
Terence looks scornfully at you.
An adder comes into view.
A bat comes into view.
Found a scroll labelled TAXZEIROOS.
Found 15 arrows.
You see here a quokka corpse.
Found a golden potion.
Terence screams, "I want your blood!"
You see here a scroll labelled TAXZEIROOS.
As you read the scroll labelled TAXZEIROOS, it crumbles to dust.
It is a scroll of enchant armour.
Your +0 hat glows green for a moment.
Terence hits you with a +0 flail!
You die...

##.#########.)...
##..#.............
###...#........###.#
#...#............#..
#..###.......S.#.#.#
#..#)#†##..+####....
#.......##.........#
#..(##@..##...####.)##
#(.##@.(............#
#.. ##.#)#.##.#####'##
#.# ..###.# b#.......
.. ..(. ... .#.......
### .##.... ..#.......
#.... !.#.......
#...#. .........
.#.#....#.......
..#.......


You could see Terence.

Vanquished Creatures
  2 adders (D:2)
  2 dart slugs
  A leopard gecko (D:1)
  3 bats (D:1)
  2 giant cockroaches
  4 goblins
  4 hobgoblins
  A quokka (D:2)
  A frilled lizard (D:1)
  3 kobolds
  5 rats
28 creatures vanquished.

Notes
Turn   | Place    | Note
-------+----------+-------------------------------------------
     0 | D:1      | Destapler the Deep Elf Hedge Wizard began the quest for the
                  | Orb.
     0 | D:1      | Reached XP level 1. HP: 10/10 MP: 7/7
   346 | D:1      | Reached XP level 2. HP: 15/15 MP: 5/9
   509 | D:1      | Found an iron altar of Okawaru.
  1307 | D:2      | Noticed Sigmund
  1642 | D:2      | Reached XP level 3. HP: 19/19 MP: 1/11
  2168 | D:2      | Learned a level 2 spell: Blink
  2171 | D:2      | Learned a level 2 spell: Call Imp
  2520 | D:2      | Noticed Terence
  2579 | D:2      | Slain by Terence

Illustrated notes

Levels and vault maps discovered:
D:1:      dpeg_arrival_another_circle, layout_loops_ring,
          hangedman_decor_riveting, nrook_loot_triangle,
          okawaru_ov_weapons_minmay
D:2:      layout_basic, minmay_hexomino_u4, uniq_sigmund, uniq_terence

Skill      XL: |  1  2  3 |
---------------+----------+-----
Stealth        | 3 |  3.2
Dodging        | 3 |  3.0
Spellcasting   | |  4.8
Conjurations   | |  1.9
Summonings     | |  1.1
Translocations | |  1.9

Action                   || total
-------------------------++-------
Melee: Dagger            ||    29
 Cast: Magic Dart        ||   103
  Use: Scroll            ||     1
Armor: Robe              ||     9
Dodge: Dodged            ||    38
